 Dungeon Crawl Stone Soup version 0.18.1-5-g4a78601 (webtiles) character file.

542 Mefis the Magician (level 7, -4/36 HPs)
             Began as a Deep Elf Wizard on May 14, 2016.
             Shot with an arrow by a centaur (15 damage)
             ... on level 5 of the Dungeon.
             The game lasted 00:10:17 (5237 turns).

Mefis the Magician (Deep Elf Wizard)                Turns: 5237, Time: 00:10:18

Health: -4/36      AC:  4    Str:  4    XL:     7   Next: 6%
Magic:  2/17       EV: 13    Int: 25    God:
Gold:   405        SH:  0    Dex: 13    Spells: 6 memorised, 4 levels left

rFire  . . .     SeeInvis .     g - +0 dagger
rCold  . . .     Gourm    .     a - +0 robe
rNeg   . . .     Faith    .     (no shield)
rPois  .         Spirit   .     b - +0 hat
rElec  .         Dismiss  .     (no cloak)
rCorr  .         Reflect  .     i - +0 pair of gloves
SustAt .         Harm     .     (no boots)
MR     +....                    (no amulet)
Stlth  +++.......               s - +1 ring of protection
                                m - ring of protection from magic

@: very slightly contaminated, invisible, somewhat resistant to hostile
enchantments, fairly stealthy
A: no striking features
a: no special abilities


You were on level 5 of the Dungeon.
You were hungry.

You visited 1 branch of the dungeon, and saw 5 of its levels.

You collected 405 gold pieces.

Inventory:

Hand Weapons
 g - a +0 dagger (weapon)
 j - a +0 hunting sling
Missiles
 l - 66 stones (quivered)
 r - 25 arrows
 v - 26 sling bullets
Armour
 a - a +0 robe (worn)
 b - a +0 hat (worn)
 i - a +0 pair of gloves (worn)
Jewellery
 m - a ring of protection from magic (left hand)
 s - a +1 ring of protection (right hand)
 u - an uncursed ring of resist corrosion
Scrolls
 h - a scroll of enchant weapon
 n - 3 scrolls of teleportation
 p - a scroll of remove curse
 x - 2 scrolls of immolation
 y - a scroll of random uselessness {unknown}
Potions
 e - 2 potions of flight
 f - a potion of cancellation {unknown}
 k - a potion of haste {unknown}
 q - 2 potions of invisibility
 w - a potion of lignification {unknown}
 z - 2 potions of curing {unknown}
 A - a potion of resistance {unknown}
Books
 c - a book of Minor Magic

   Spells                             Type                      Level
   a - Magic Dart                     Conjuration                  1
   b - Blink                          Translocation                2
   c - Call Imp                       Summoning                    2
   d - Repel Missiles                 Charms/Air                   2
   e - Slow                           Hexes                        2
   f - Conjure Flame                  Conjuration/Fire             3
   g - Mephitic Cloud                 Conjuration/Poison/Air       3
Comestibles
 d - 4 bread rations
 t - 2 slices of pizza
 B - a beef jerky


   Skills:
 + Level 3.7 Dodging
 + Level 4.1 Stealth
 + Level 5.9 Spellcasting
 * Level 4.3 Conjurations
 + Level 2.9 Summonings
 - Level 1.1 Translocations
 + Level 1.9 Fire Magic
 + Level 2.5 Poison Magic


You had 4 spell levels left.
You knew the following spells:

 Your Spells              Type           Power        Failure   Level  Hunger
a - Magic Dart            Conj           ####         1%          1    None
b - Call Imp              Summ           ###.....     4%          2    None
c - Blink                 Tloc           N/A          10%         2    None
d - Repel Missiles        Chrm/Air       #.....       14%         2    None
e - Mephitic Cloud        Conj/Pois/Air  ###.....     12%         3    #......
f - Conjure Flame         Conj/Fire      ###.....     8%          3    #......


Dungeon Overview and Level Annotations

Branches:
Dungeon (5/15)
 Temple: D:4-7

Altars:
Fedhas
Pakellas
Qazlal
Ru
Vehumet

Portals:
Ossuary: D:5


Message History

You blink.
Your crimson imp hits the adder but does no damage.
The adder closely misses your crimson imp.
The centaur shouts!
Your crimson imp closely misses the hound.
The hound bites your crimson imp.
The centaur wields a shortbow.
The centaur shoots an arrow.
The arrow closely misses you.
The centaur shoots an arrow.
The arrow hits the orc.
The orc dies!
Your crimson imp hits the hound.
The hound bites your crimson imp.
The centaur shoots an arrow.
The centaur shoots an arrow.
The arrow misses you.
The centaur shoots an arrow.
The centaur shoots an arrow.
The arrow is repelled.
You feel less protected from missiles.
You see here an arrow.
You open the door.
The centaur shoots an arrow.
The arrow barely misses you.
Found an arrow.
Found a sand-covered staircase.
The centaur shoots an arrow.
The arrow hits you!
You die...

,,** *,,,,,,,,,*
,,,** *,,,,,,,,,*
,,,,******,,,,,,,,,**
,,,,,,,,,,,,,,,,,,,,*
,,,,******,,,,##+##,*
,,,** *,,,,#...#,#
,,,,* ***#.+.∩.#.#
,,,,* #.#...#.# ,,,,*
#.##@##.# ,,,,*
#.(.(...# ,,,,***
##(#...##
,,,,,,****####....##
,,,,*,,,,,#......##
,,,,,,,*#.#....Sc##
,,,,,,,*#.........#
,,,,,,,*###.......###
,,,,,,,* #.........#


You could see a centaur and an adder (wandering).

Vanquished Creatures
  An ice beast (D:4)
  A phantom (D:4)
  An ogre (D:4)
  A howler monkey (D:5)
  3 worker ants (D:4)
  2 hound skeletons (D:4)
  6 adders
  A gnoll (D:2)
  An ooze (D:3)
  2 worms (D:3)
  5 dart slugs
  2 giant geckos
  An orc (D:4)
  3 bats
  3 giant cockroaches
  10 goblins
  7 hobgoblins
  6 jackals
  3 ball pythons
  7 giant newts
  6 kobolds
  5 rats
77 creatures vanquished.

Vanquished Creatures (collateral kills)
  A worm (D:2)
  A giant cockroach zombie (D:5)
2 creatures vanquished.

Vanquished Creatures (others)
  An ugly thing (D:3)
  An orc (D:5)
2 creatures vanquished.

Grand Total: 81 creatures vanquished

Notes
Turn   | Place    | Note
--------------------------------------------------------------
     0 | D:1      | Mefis the Deep Elf Wizard began the quest for the Orb.
     0 | D:1      | Reached XP level 1. HP: 10/10 MP: 7/7
   282 | D:1      | Reached XP level 2. HP: 14/15 MP: 5/9
   286 | D:1      | Learned a level 2 spell: Call Imp
   289 | D:1      | Learned a level 2 spell: Blink
   292 | D:1      | Learned a level 2 spell: Repel Missiles
  1060 | D:2      | Reached XP level 3. HP: 19/19 MP: 9/11
  1286 | D:2      | Reached skill level 5 in Spellcasting
  1637 | D:2      | Reached XP level 4. HP: 24/24 MP: 5/13
  1992 | D:1      | Learned a level 3 spell: Mephitic Cloud
  1996 | D:1      | Learned a level 3 spell: Conjure Flame
  3111 | D:3      | Found an oddly glowing altar of Pakellas.
  3111 | D:3      | Noticed a cyan ugly thing
  3125 | D:3      | Killed a cyan ugly thing
  3536 | D:4      | Noticed an ogre
  3543 | D:4      | Killed an ogre
  3543 | D:4      | Reached skill level 1 in Poison Magic
  3543 | D:4      | Reached XP level 5. HP: 28/28 MP: 5/14
  3669 | D:4      | Reached skill level 1 in Fire Magic
  4036 | D:4      | Reached XP level 6. HP: 32/32 MP: 10/16
  4154 | D:4      | Found a radiant altar of Vehumet.
  4194 | D:4      | Noticed an ice beast
  4208 | D:4      | Killed an ice beast
  4318 | D:4      | Found a stormy altar of Qazlal.
  4542 | D:4      | Found a sacrificial altar of Ru.
  5091 | D:5      | Entered Level 5 of the Dungeon
  5170 | D:5      | Found a blossoming altar of Fedhas.
  5173 | D:5      | Reached XP level 7. HP: 36/36 MP: 13/17
  5236 | D:5      | Found a sand-covered staircase.
  5237 | D:5      | Shot with an arrow by a centaur

Skill      XL: |  1  2  3  4  5  6 |
---------------+-------------------+-----
Conjurations   | 2 3 4 |  4.3
Spellcasting   | 5 |  5.9
Stealth        | 3 4 |  4.1
Dodging        | 3 |  3.7
Summonings     | 2 |  2.9
Poison Magic   | 1 2 |  2.5
Fire Magic     | 1 |  1.9
Translocations | |  1.1

Action                   |  1- 3 |  4- 6 |  7- 9 || total
-------------------------+-------+-------+-------++-------
Melee: Dagger            |     2 |    23 |    20 ||    45
 Cast: Magic Dart        |    94 |   152 |    10 ||   256
       Call Imp          |     1 |     2 |     2 ||     5
       Mephitic Cloud    |       |     1 |     2 ||     3
       Repel Missiles    |       |     1 |       ||     1
       Conjure Flame     |       |     1 |       ||     1
       Blink             |       |       |     1 ||     1
  Use: Scroll            |       |     8 |       ||     8
       Potion            |       |       |     1 ||     1
 Stab: Sleeping          |     2 |     8 |       ||    10
  Eat: Chunk             |     2 |     6 |       ||     8
       Bread ration      |       |     1 |       ||     1
Armor: Robe              |     4 |    10 |     7 ||    21
Dodge: Dodged            |    10 |    44 |    49 ||   103
       Deflected         |       |     1 |     1 ||     2
